 Dungeon Crawl Stone Soup version 0.26-a0-652-gafc20e3620 (webtiles) character file.

Game seed: 9825437242855526707

77 looop the Skirmisher (level 4, -5/37 HPs)
             Began as a Demonspawn Fighter on Oct 2, 2020.
             Was an Initiate of Fedhas.
             Killed from afar by Natasha (9 damage)
             ... with a magic dart
             ... on level 2 of the Dungeon.
             The game lasted 00:01:55 (1854 turns).

looop the Skirmisher (Demonspawn Fighter)           Turns: 1854, Time: 00:01:56

Health: -5/37      AC:  8    Str: 18    XL:     4   Next: 14%
Magic:  4/4        EV:  4    Int:  9    God:    Fedhas [......]
Gold:   63         SH:  8    Dex: 12    Spells: 3/3 levels left

rFire    . . .     SeeInvis .   a - +0 trident
rCold    . . .     Faith    +   c - +0 kite shield
rNeg     . . .     Spirit   .   b - +0 chain mail
rPois    .         Reflect  .   (no helmet)
rElec    .         Harm     .   (no cloak)
rCorr    +         Rampage  .   (no gloves)
MR       .....                  (no boots)
Stlth    ..........             k - amulet of faith
HPRegen  0.12/turn              g - ring of resist corrosion
MPRegen  0.09/turn              (no ring)

@: mighty, slowed, very slow
A: powered by pain 1
a: Renounce Religion


You were on level 2 of the Dungeon.
You worshipped Fedhas.
Fedhas was noncommittal.
You visited 1 branch of the dungeon, and saw 3 of its levels.

You collected 63 gold pieces.

Inventory:

Hand Weapons
 a - a +0 trident (weapon)
Armour
 b - a +0 chain mail (worn)
 c - a +0 kite shield (worn)
Jewellery
 g - a ring of resist corrosion (left hand)
 k - an amulet of faith (around neck)
Scrolls
 e - 2 scrolls of identify {unknown}
 f - 3 scrolls of remove curse {unknown}
 i - 2 scrolls of teleportation {unknown}
 j - a scroll of immolation {unknown}
 l - a scroll of enchant weapon {unknown}
 m - a scroll of fear {unknown}
Potions
 d - 2 potions of might
 h - a potion of curing {unknown}


   Skills:
 + Level 3.7 Fighting
 * Level 3.3 Polearms
 - Level 2.6 Armour
 - Level 2.6 Shields
 + Level 1.0 Invocations


You had 3 spell levels left.
You didn't know any spells.
Your spell library was empty.

Dungeon Overview and Level Annotations

Branches:
Dungeon (3/15)

Altars:
Fedhas
Yredelemnul
The Shining One

Annotations:
D:2 Natasha


Innate Abilities, Weirdness & Mutations

You sometimes gain a little power by taking damage.


Message History

You puncture Natasha!
Natasha is heavily wounded.
You block Natasha's attack. The crimson imp hits you.
* * * LOW HITPOINT WARNING * * *
You hit Natasha but do no damage.
Natasha is heavily wounded.
You block Natasha's attack.
The crimson imp hits you but does no damage.
Natasha barely misses you.
The crimson imp hits you but does no damage.
Natasha mumbles some strange words.
You feel disoriented. Natasha claws you but does no damage.
You closely miss Natasha.
Natasha is heavily wounded.
Natasha claws you but does no damage. Natasha casts a spell at you.
The magic dart hits you!
You die...
Fedhas appreciates your contribution to the ecosystem.

############# ######
#...........#
####....######.#########.##
#..........................
#.##.#.........###.#####.##
#.##.#..#.##.........# #.#
#.#......#@##...<....###.#
#.......###h5.........##.#
#........#.###.###.#..##.##
##......#..# #.##.........#
##.....#.># #.##.#####....
#.##..#..###.##.# #...#
#.##............# #>.##
#.##.###.######.# #.##
#....# #.# #.#####.#


You could see Natasha and a crimson imp (summoned).

Vanquished Creatures
  Natasha (D:3)
  2 adders (D:2)
  An ooze (D:1)
  2 leopard geckos
  3 bats (D:2)
  A giant cockroach (D:1)
  4 goblins
  4 hobgoblins
  A quokka (D:2)
  A frilled lizard (D:2)
  7 kobolds
  2 rats
29 creatures vanquished.

Vanquished Creatures (others)
  An ooze (D:2)
1 creature vanquished.

Grand Total: 30 creatures vanquished

Notes
Turn   | Place    | Note
-------+----------+-------------------------------------------
     0 | D:1      | looop the Demonspawn Fighter began the quest for the Orb.
     0 | D:1      | Reached XP level 1. HP: 18/18 MP: 1/1
   373 | D:1      | Gained mutation: You sometimes gain a little power by
                  | taking damage. [demonic ancestry]
   373 | D:1      | Reached XP level 2. HP: 21/24 MP: 2/2
   925 | D:2      | Reached XP level 3. HP: 29/29 MP: 3/3
  1223 | D:2      | Found a blossoming altar of Fedhas.
  1228 | D:2      | Became a worshipper of Fedhas Madash
  1313 | D:2      | Found a glowing golden altar of the Shining One.
  1343 | D:2      | Found a basalt altar of Yredelemnul.
  1533 | D:2      | Noticed an angel
  1785 | D:3      | Noticed Natasha
  1796 | D:3      | HP: 1/29 [shadow imp[Natasha] (3)]
  1797 | D:3      | Killed Natasha
  1797 | D:3      | Reached skill level 1 in Invocations
  1797 | D:3      | Reached XP level 4. HP: 2/37 MP: 4/4
  1833 | D:3      | Noticed Natasha
  1854 | D:2      | Killed from afar by Natasha

Illustrated notes

Levels and vault maps discovered:
D:1:      dpeg_arrival_connections, layout_basic
D:2:      layout_loops_ring, grunt_temple_overflow_holy_war, marbit_many_paths,
          glass_columns_a, kennysheep_generic_room_10
D:3:      layout_loops_ring, gammafunk_temple_overflow_claw, corner_web_ring,
          uniq_sigmund, uniq_natasha

Skill      XL: |  1  2  3 |
---------------+----------+-----
Polearms       | 2 3 |  3.3
Invocations    | 1 |  1.0
Fighting       | |  3.7
Armour         | |  2.6
Shields        | |  2.6

Action                   |  1- 3 |  4- 6 || total
-------------------------+-------+-------++-------
Melee: Trident           |   132 |     3 ||   135
  Use: Potion            |       |     1 ||     1
Armor: Scale mail        |     4 |       ||     4
       Chain mail        |    55 |     4 ||    59
Dodge: Dodged            |    29 |     1 ||    30
Block: Kite shield       |    41 |     4 ||    45

Table legend: (Time is in decaauts)
 A = Elapsed time spent in this place.
 B = Non-inter-level travel time spent in this place.
 C = Inter-level travel time spent in this place.
 D = Time resting spent in this place.
 E = Time spent auto-exploring this place.
 F = Levels seen in this place.
 G = Mean time per level.
                   A        B        C        D        E       F      G
               +--------+--------+--------+--------+--------+-----+--------+
         Total |   1896 |   1830 |     66 |     40 |   1499 |   3 |  632.0 |
       Dungeon |   1896 |   1830 |     66 |     40 |   1499 |   3 |  632.0 |
               +--------+--------+--------+--------+--------+-----+--------+

Top non-repeatable levels by time:
     D:2: 941 daAuts
     D:1: 676 daAuts
     D:3: 278 daAuts
